AoeStats
← El Oscuro

QS Arena

503224607Analyzed
2v2 RM · 1mo ago on Aug 30, 2026· 22m 41s· 4 players
Game mode
Random Map
Map size
Medium (4 player)
Population
200
Speed
Normal
Resources
Standard
Victory
Conquest
Starting age
Dark Age
Ending age
Imperial Age
RankedLock teamsTeams togetherTeam positionsShared explorationLock speedFull tech treeHidden civsTurbo modeCheats
Victory
Defeat
🇦🇷 Tupi · Argentina
899
+18
🇦🇷 Cumans · Argentina
899
+18
🇦🇷 Teutons · Argentina
950
-18
🇺🇸 Poles · United States
925
-17
Konivorus
0:43 Loom
10:47 Feudal Age
11:15 Horse Collar
11:23 Double-Bit Axe
11:30 Gold Mining
11:36 Stone Mining
14:04 Forging
15:54 Bloodlines
18:54 Castle Age
17:52 Gold Mining
21:57 Murder Holes
Loco-Pro
8:23 Feudal Age
9:11 Double-Bit Axe
16:16 Castle Age
16:01 Forging
16:04 Scale Barding Armor
16:33 Scale Mail Armor
15:57 Man-at-Arms
18:32 Wheelbarrow
21:21 Elite Skirmisher
21:55 Fletching
22:06 Padded Archer Armor
narutoelcapo
2:47 Loom
8:20 Feudal Age
9:03 Double-Bit Axe
9:07 Horse Collar
12:36 Wheelbarrow
19:07 Castle Age
19:32 Scale Barding Armor
19:57 Bloodlines
El Oscuro
8:14 Feudal Age
11:04 Loom
13:43 Castle Age
11:40 Horse Collar
16:04 Fletching
16:48 Bodkin Arrow
18:30 Double-Bit Axe
22:54 Murder Holes
Connection lost

Rejoining the realm…

Still unreachable

The connection could not be restored.

Session expired

The server has moved on; the page needs a fresh start.